 Dungeon Crawl Stone Soup version 0.26.1-11-gd32895ea62 (webtiles) character file.

Game seed: 8537427545600784206

105 Almogavar the Chopper (level 4, 0/40 HPs)
             Began as a Hill Orc Fighter on Apr 18, 2021.
             Killed from afar by an orc wizard (12 damage)
             ... with a magic dart
             ... on level 3 of the Dungeon.
             The game lasted 00:05:14 (2280 turns).

Almogavar the Chopper (Hill Orc Fighter)            Turns: 2280, Time: 00:05:14

Health: 0/40       AC: 13    Str: 19    XL:     4   Next: 83%
Magic:  4/4        EV:  5    Int:  8    God:
Gold:   195        SH:  9    Dex: 10    Spells: 3/3 levels left

rFire    . . .     SeeInvis .   a - +0 war axe
rCold    . . .     Faith    .   c - +0 kite shield
rNeg     + . .     Spirit   .   n - +0 chain mail
rPois    .         Reflect  .   (no helmet)
rElec    .         Harm     .   h - +2 cloak
rCorr    .         Rampage  .   u - +0 pair of gloves
Will     .....                  (no boots)
Stlth    ..........             (no amulet)
HPRegen  0.13/turn              s - ring of positive energy
MPRegen  0.09/turn              (no ring)

@: no status effects
A: no striking features
a: no special abilities


You were on level 3 of the Dungeon.
You visited 1 branch of the dungeon, and saw 3 of its levels.

You collected 195 gold pieces.

Inventory:

Hand Weapons
 a - a +0 war axe (weapon)
Armour
 b - a +0 cloak of stealth
 c - a +0 kite shield (worn)
 h - a +2 cloak (worn)
 n - a +0 chain mail (worn)
 t - a +0 plate armour
 u - a +0 pair of gloves (worn)
 x - a +0 tower shield
Jewellery
 s - a ring of positive energy (left hand)
 w - an uncursed ring of flight {unknown}
Scrolls
 i - 2 scrolls of remove curse
 j - a scroll of amnesia
 m - 2 scrolls of enchant armour {unknown}
 o - a scroll of teleportation {unknown}
 r - a scroll of magic mapping {unknown}
 v - a scroll of immolation {unknown}
Potions
 d - a potion of might
 e - 4 potions of haste
 f - a potion of heal wounds {unknown}
 k - a potion of attraction {unknown}
 p - a potion of brilliance {unknown}
 q - 2 potions of curing {unknown}


   Skills:
 + Level 4.0 Fighting
 + Level 4.8 Axes
 + Level 3.8 Armour
 + Level 0.4 Dodging
 + Level 0.1 Stealth
 + Level 3.8 Shields


You had 3 spell levels left.
You didn't know any spells.
Your spell library was empty.

Dungeon Overview and Level Annotations

Branches:
Dungeon (3/15)

Altars:
Fedhas


Message History

You slash the orc!
You kill the orc!
You closely miss something.
Something hits you but does no damage. x2
Your chain mail prevents you from hitting something.
You block something's attack. Something hits you but does no damage.
Your shield and chain mail prevent you from hitting something.
An orc wizard appears from thin air!
Reactivating autopickup.
The orc wizard gestures at you while chanting.
The puff of frost hits you!
* * * LOW HITPOINT WARNING * * *
The orc wizard miscasts a cantrip.
You closely miss the orc wizard.
The orc wizard is severely wounded.
The orc wizard hits you but does no damage. x2
You closely miss the orc wizard.
The orc wizard is severely wounded.
The orc wizard gestures at you while chanting.
The magic dart hits you!
You die...

..# ..# .. .# ..+ . .#
..# .##.# ..# #.... ...
..# #.#.. ... ..#
#.#.###.# ..# #.#.#<#(#
..# #.#.#.#@####### ..#
#.#.#.#.o...... †.#
#...#.#........ ..#
##(.....#....... ###
##...≈≈≈......... #
##..≈≈≈≈≈≈≈....... #
#..≈≈≈≈≈≈≈≈≈..<...
#######.≈≈≈≈≈≈≈≈≈≈≈.....
##......≈≈≈≈PP.≈≈≈≈.....


You could see an orc wizard (fast).

Vanquished Creatures
  An orc priest (D:3)
  2 adders (D:2)
  A worm (D:2)
  A dart slug (D:1)
  A leopard gecko (D:1)
  3 orcs (D:3)
  A ball python (D:2)
  2 giant cockroaches (D:2)
  3 goblins (D:2)
  4 hobgoblins
  4 jackals
  10 kobolds
  A quokka (D:2)
  5 bats
  3 frilled lizards
  7 rats
49 creatures vanquished.

Notes
Turn   | Place    | Note
-------+----------+-------------------------------------------
     0 | D:1      | Almogavar the Hill Orc Fighter began the quest for the Orb.
     0 | D:1      | Reached XP level 1. HP: 19/19 MP: 1/1
   573 | D:1      | Reached XP level 2. HP: 27/27 MP: 2/2
  1136 | D:2      | Reached XP level 3. HP: 30/33 MP: 3/3
  1625 | D:2      | Reached XP level 4. HP: 32/40 MP: 4/4
  2223 | D:3      | Found a blossoming altar of Fedhas.
  2280 | D:3      | Killed from afar by an orc wizard

Illustrated notes

Levels and vault maps discovered:
D:1:      minmay_arrival_split_and_join, layout_loops_cross, minivault_25,
          minivault_24, serial_bayou_pond_e, minmay_tetromino_o4
D:2:      minmay_razor_zed, layout_basic
D:3:      layout_basic, nrook_mini_backslash, fedhas_ov_isle_minmay

Skill      XL: |  1  2  3 |
---------------+----------+-----
Axes           | 3 4 |  4.8
Fighting       | 4 |  4.0
Armour         | |  3.8
Dodging        | |  0.4
Stealth        | |  0.1
Shields        | |  3.8

Action                   |  1- 3 |  4- 6 || total
-------------------------+-------+-------++-------
Melee: War axe           |    87 |    55 ||   142
  Use: Scroll            |       |     5 ||     5
Armor: Scale mail        |    18 |       ||    18
       Chain mail        |    27 |    39 ||    66
Dodge: Dodged            |    29 |     5 ||    34
Block: Kite shield       |    48 |    32 ||    80
